Map: Tours du crépuscule

Players

Kinder - Winner!

  • Race: Terran Terran
  • League: Master

RonniePicker

  • Race: Terran Terran
  • League: Master

VOD

Have the link to the VOD?

Description

Time

  • Played on: Feb. 11, 2016, 4:36 p.m.
  • Length: 13:57
Show
View Real Time Build Order
Export as new Build Order

Kinder Terran - Winner!

Build Orders: MMM Bio 

Get SALT Encoding   

  12  0:01  SCV  
  13  0:13  SCV  
  14  0:17  Supply Depot  
  14  0:25  SCV  
  15  0:32  Refinery  
  15  0:39  SCV  
  16  0:46  Barracks  
  16  0:51  SCV  
  17  1:03  SCV  
  18  1:05  Refinery  
  18  1:15  SCV  
  19  1:23  Supply Depot  
  19  1:34  Orbital Command, Reaper  
  20  1:50  Factory  
  20  2:00  SCV  
  21  2:06  Reaper  
  21  2:12  SCV  
  21  2:15  Supply Depot  
  22  2:24  SCV  
  23  2:34  Hellion  
  25  2:37  Starport  
  25  2:38  Reaper  
  25  2:39  SCV  
  27  2:51  SCV  
  27  2:55  Hellion  
  30  3:03  SCV  
  31  3:10  Reaper  
  32  3:16  Medivac  
  34  3:20  Factory Tech Lab  
  34  3:32  Command Center  
  35  3:34  SCV  
  35  3:37  Supply Depot  
  35  3:47  Barracks Reactor  
  35  3:51  SCV  
  36  3:56  Cyclone  
  36  4:02  Engineering Bay  
  39  4:08  SCV  
  40  4:19  Barracks  
  40  4:23  Marine  
  41  4:25  Marine  
  41  4:27  Starport Reactor  
  40  4:52  SCV  
  39  4:53  Marine x2  
  39  4:55  Cyclone  
  39  4:58  Missile Turret  
  39  4:59  Orbital Command  
  43  5:03  Missile Turret  
  43  5:04  SCV  
  44  5:17  SCV  
  44  5:20  Barracks Tech Lab  
  45  5:21  Marine x2  
  45  5:26  SCV  
  48  5:29  SCV  
  48  5:34  Terran Infantry Weapons Level 1  
  49  5:38  SCV  
  49  5:40  Marine  
  49  5:41  Marine x2, SCV  
  54  5:43  Stimpack  
  54  5:50  SCV  
  55  5:59  SCV  
  55  6:01  Medivac, Siege Tank  
  55  6:02  SCV  
  62  6:05  Supply Depot  
  62  6:23  Marine x2  
  62  6:24  Medivac, SCV x2  
  68  6:30  Bunker  
  67  6:36  Marine, SCV  
  67  6:39  Supply Depot  
  67  6:40  Supply Depot  
  67  6:42  Barracks  
  67  6:45  Siege Tank  
  66  6:58  Marine  
  68  7:01  SCV  
  68  7:02  Medivac x2  
  72  7:11  Barracks  
  72  7:13  Barracks  
  72  7:16  Marine  
  72  7:20  Refinery  
  72  7:22  Supply Depot x2, SCV  
  74  7:29  Marine  
  75  7:30  Siege Tank  
  75  7:32  SCV  
  75  7:34  Marine  
  80  7:47  Marine  
  80  7:51  Marine  
  80  7:55  Viking  
  83  7:59  Marine x2  
  83  8:02  Marine  
  83  8:04  SCV  
  83  8:05  Marine, Siege Tank  
  91  8:09  Marine  
  92  8:17  Marine  
  90  8:23  Command Center  
  81  8:27  Marine  
  81  8:32  Marine  
  81  8:33  Marine, SCV x2  
  78  8:43  Marine x2  
  78  8:45  SCV  
  78  8:46  SCV, Siege Tank  
  81  8:57  SCV  
  81  8:58  SCV  
  83  9:04  Marine  
  83  9:05  Barracks Reactor, Refinery  
  83  9:07  Supply Depot, Refinery  
  85  9:10  SCV x2  
  85  9:15  Marine  
  85  9:16  Marine x2  
  89  9:18  Supply Depot  
  89  9:22  Marine, SCV x2  
  92  9:31  Missile Turret  
  92  9:33  Marine  
  92  9:34  Missile Turret  
  92  9:37  Marine x2  
  95  9:40  Marine  
  95  9:41  SCV x2  
  98  9:48  Siege Tank  
  101  9:53  SCV  
  101  9:57  SCV  
  103  10:03  Marine x3  
  103  10:04  Orbital Command  
  103  10:05  SCV  
  107  10:09  SCV  
  108  10:18  SCV  
  108  10:19  Marine x3  
  108  10:21  Marine x3  
  113  10:23  Combat Shields  
  113  10:26  Terran Infantry Armor Level 1  
  115  10:37  Marine x2  
  115  10:40  SCV  
  115  10:41  SCV, Siege Tank  
  115  10:42  Medivac  
  124  10:52  Marine x2, SCV  
  124  10:53  Medivac, SCV  
  130  10:57  Supply Depot x2  
  130  11:02  Marine x2  
  133  11:07  Refinery x2  
  133  11:12  Medivac  
  133  11:14  Barracks  
  133  11:16  Barracks Reactor, Factory  
  134  11:20  Engineering Bay  
  134  11:22  Barracks  
  134  11:29  Command Center  
  134  11:34  Marine x5  
  142  11:40  Siege Tank  
  133  12:03  Marine x3  
  133  12:04  Marine x2  
  122  12:08  Marine x2  
  122  12:10  Medivac x2  
  122  12:12  SCV, Siege Tank  
  132  12:17  Barracks Reactor x2, Barracks  
  132  12:18  Barracks  
  132  12:21  Marine x5  
  137  12:27  Missile Turret x2  
  137  12:29  Armory  
  137  12:32  Missile Turret  
  137  12:33  Missile Turret  
  137  12:34  Marine  
  137  12:35  Missile Turret  
  138  12:50  Marine x3  
  140  13:00  Marine x4  
  140  13:01  Marine, Siege Tank  
  148  13:07  Barracks Reactor x2  
  148  13:10  Supply Depot  
  148  13:11  Medivac x2  
  152  13:23  Marine  
Show
View Real Time Build Order
Export as new Build Order

RonniePicker Terran 

Build Orders: Reaper Expand 

Get SALT Encoding   

  12  0:00  SCV  
  13  0:13  SCV  
  14  0:17  Supply Depot  
  14  0:25  SCV  
  15  0:39  SCV  
  15  0:40  Barracks  
  16  0:47  Refinery  
  16  0:51  SCV  
  17  1:03  SCV  
  18  1:27  Orbital Command  
  18  1:30  Reaper  
  19  1:42  Command Center  
  19  1:53  SCV  
  20  1:57  Supply Depot  
  20  2:03  Barracks Reactor  
  20  2:05  SCV  
  21  2:20  SCV  
  21  2:21  Bunker  
  21  2:27  Factory  
  21  2:33  SCV  
  22  2:39  Marine x2  
  24  2:45  SCV  
  25  2:57  Marine x2, SCV  
  28  3:00  Orbital Command  
  28  3:10  SCV  
  28  3:12  Starport, Factory Tech Lab  
  29  3:16  Refinery  
  29  3:17  Marine x2  
  31  3:22  SCV  
  31  3:26  SCV  
  33  3:34  SCV  
  33  3:36  Marine x2  
  33  3:38  SCV  
  37  3:45  Supply Depot  
  37  3:47  SCV  
  38  3:52  SCV  
  38  3:54  Banshee  
  42  3:59  SCV  
  42  4:00  Marine x2  
  42  4:01  Engineering Bay  
  45  4:03  Cloaking Field  
  45  4:04  SCV  
  45  4:08  Supply Depot  
  46  4:11  SCV  
  46  4:13  Factory Tech Lab  
  46  4:16  SCV, Refinery  
  48  4:17  Refinery  
  48  4:23  Marine, SCV  
  50  4:25  Marine  
  50  4:28  SCV  
  49  4:41  Marine  
  45  4:49  Marine, SCV  
  45  4:52  SCV  
  45  4:59  Marine  
  46  5:01  SCV  
  46  5:04  SCV  
  48  5:08  Siege Tank  
  48  5:13  SCV  
  48  5:16  SCV  
  49  5:25  SCV  
  50  5:28  SCV  
  50  5:30  Medivac  
  50  5:37  SCV  
  50  5:41  SCV  
  52  5:43  Siege Tank  
  52  5:44  Marine x2  
  52  5:49  SCV  
  57  5:52  Supply Depot  
  56  6:00  SCV  
  56  6:01  Marine x2  
  58  6:15  SCV  
  56  6:19  Marine x2  
  56  6:23  SCV  
  59  6:28  SCV  
  58  6:37  Marine x2  
  57  6:53  SCV  
  57  6:54  SCV  
  48  6:55  Marine x2  
  48  7:01  Medivac, Siege Tank  
  51  7:06  SCV x2  
  53  7:13  Marine x2  
  53  7:14  Command Center  
  55  7:18  SCV  
  55  7:20  Terran Infantry Weapons Level 1  
  56  7:24  SCV  
  57  7:30  Marine, SCV  
  57  7:33  Siege Tank  
  62  7:37  SCV  
  62  7:38  Medivac  
  65  7:46  SCV  
  65  7:48  Marine x2  
  65  7:49  SCV  
  69  7:54  Barracks  
  69  7:55  Barracks  
  69  7:58  SCV  
  70  8:03  Supply Depot  
  70  8:12  Marine  
  70  8:13  Marine, SCV  
  70  8:15  SCV  
  70  8:17  Siege Tank  
  62  8:30  Marine  
  62  8:31  Marine  
  55  8:35  SCV x2  
  55  8:40  Marine  
  58  8:44  Orbital Command  
  58  8:47  SCV x2  
  58  8:48  Marine  
  57  8:49  Siege Tank  
  61  8:59  SCV  
  61  9:00  Supply Depot, SCV  
  63  9:03  Supply Depot  
  63  9:04  Barracks Tech Lab  
  63  9:05  Barracks Tech Lab  
  63  9:11  SCV  
  64  9:17  SCV  
  64  9:18  Marine x2, SCV  
  64  9:19  Medivac  
  64  9:24  Terran Infantry Armor Level 1, SCV  
  71  9:28  Combat Shields  
  71  9:31  Stimpack  
  71  9:35  Marine  
  71  9:37  Marine x3  
  75  9:53  Marine  
  75  9:55  Marine x3  
  75  9:59  Orbital Command  
  79  10:00  SCV x2  
  79  10:03  Supply Depot  
  81  10:09  Medivac, Siege Tank  
  81  10:11  Marine  
  81  10:13  Marine x3  
  90  10:15  Supply Depot  
  90  10:16  Supply Depot  
  90  10:17  Supply Depot  
  90  10:20  SCV, Armory  
  91  10:22  Engineering Bay  
  91  10:29  Marine  
  91  10:31  Marine x2  
  90  10:39  Orbital Command, SCV  
  89  10:42  Marine  
  89  10:43  SCV  
  89  10:47  Marine  
  92  10:51  SCV  
  92  10:55  SCV  
  94  11:04  SCV  
  95  11:06  Marine x3  
  95  11:07  Marine  
  95  11:08  SCV  
  95  11:11  SCV  
  101  11:16  SCV  
  102  11:20  Medivac, Terran Infantry Weapons Level 2, SCV  
  102  11:24  Terran Infantry Armor Level 2, Marine x3  
  108  11:26  SCV  
  109  11:34  Orbital Command  
  109  11:36  Marine  
  110  11:42  Marine x2  
  110  11:45  Supply Depot  
  112  11:47  Marine  
  113  11:54  Marine  
  113  12:00  Marine  
  100  12:06  Marine x2  
  83  12:12  Marine  
  83  12:13  Siege Tank  
  83  12:14  Barracks  
  83  12:15  Barracks x2  
  87  12:17  Marine, SCV x3  
  91  12:24  Marine x2  
  91  12:27  Refinery x2  
  93  12:30  Marine  
  93  12:35  Marine  
  95  12:42  Marine x2  
  95  12:43  Barracks  
  97  12:45  Barracks  
  97  12:47  Barracks  
  97  12:48  Marine, Barracks  
  98  12:53  Marine, Siege Tank  
  102  13:00  Marine x2  
  102  13:02  Marine x3  
  107  13:06  Marine  
  107  13:08  Supply Depot x2  
  107  13:11  Marine  
  109  13:14  Factory  
  109  13:15  Refinery x2  
  109  13:17  Marine  
  109  13:18  Marine  
  111  13:20  Marine x3  
  111  13:23  Marine  
  117  13:27  SCV  
  117  13:29  Marine  
  119  13:34  Marine x4  
  119  13:35  Marine  
  119  13:37  SCV x2  
  119  13:38  Marine x3  
  119  13:39  SCV  
Tags
 
Add a new tag
Caveats
  • Supply blocks, unpowered buildings, or Contaminate may cause inaccurate times.
  • Supply counts are checked every 10 seconds.